 Dungeon Crawl Stone Soup version 0.29-a0-418-gc0181ea820 (webtiles) character file.

Game seed: 2846246919106354303

189 Pelinal the Chiller (level 5, -3/35 HPs)
             Began as a Merfolk Ice Elementalist on May 17, 2022.
             Was an Initiate of Ashenzari.
             Slain by a water moccasin (6 damage)
             ... on level 5 of the Dungeon.
             The game lasted 00:06:04 (3194 turns).

Pelinal the Chiller (Merfolk Ice Elementalist)      Turns: 3194, Time: 00:06:05

Health: -3/35      AC:  2    Str:  9    XL:     5   Next: 68%
Magic:  6/8        EV: 13    Int: 14    God:    Ashenzari [......]
Gold:   211        SH:  0    Dex: 16    Spells: 1/8 levels left

rFire   . . .      SeeInvis .   l - +1 dagger (venom)
rCold   . . .      Faith    .   (no shield)
rNeg    . . .      Spirit   .   a - +0 robe
rPois   .          Reflect  .   (no helmet)
rElec   .          Harm     .   (no cloak)
rCorr   .          Rampage  .   (no gloves)
Will    .....                   (no boots)
Stlth   +++.......              d - amulet "Share My Chagrin" {Acrobat, Evo, Cun} (curse)
HPRegen 0.11/turn               x - ring of wizardry
MPRegen 0.11/turn               (no ring)

@: lethally poisoned (-3 -> -18)
A: (nimble swimmer 2), mertail
a: Renounce Religion, Shatter the Chains


You were on level 5 of the Dungeon.
You worshipped Ashenzari.
Ashenzari was noncommittal.
You visited 1 branch of the dungeon, and saw 5 of its levels.

You collected 211 gold pieces.

Inventory:

Hand Weapons
 l - a +1 dagger of venom (weapon)
Missiles
 t - 5 poisoned darts
Armour
 a - a +0 robe (worn)
Jewellery
 d - the cursed amulet "Share My Chagrin" (around neck) {Acrobat, Evo, Cun}
   (You found it on level 1 of the Dungeon)

   [amulet of the acrobat]

   It increases your evasion while moving and waiting.
   It has a curse which improves the following skills: Evocations: Evocations.
   Cunning:   Dodging and Stealth.
 n - a ring of flight
 o - a ring of positive energy
 x - a ring of wizardry (left hand)
Scrolls
 b - 5 scrolls of teleportation {unknown}
 f - 2 scrolls of magic mapping {unknown}
 g - a scroll of amnesia {unknown}
 h - 2 scrolls of identify {unknown}
 k - a scroll of enchant weapon {unknown}
 p - a scroll of poison {unknown}
 q - 2 scrolls of torment {unknown}
 u - a scroll of fog {unknown}
 v - a scroll of brand weapon {unknown}
 w - a scroll of blinking {unknown}
Potions
 c - a potion of haste {unknown}
 e - a potion of lignification {unknown}
 i - a potion of berserk rage {unknown}
 j - a potion of flight {unknown}
 m - a potion of curing {unknown}
 r - a potion of invisibility {unknown}
 s - a potion of attraction {unknown}


   Skills:
 - Level 2.7(3.1) Dodging
 + Level 4.9(5.3) Stealth
 - Level 2.0 Spellcasting
 - Level 6.1 Ice Magic


You had one spell level left.
You knew the following spells:

 Your Spells              Type           Power      Damage    Failure   Level
a - Freeze                Ice            72%        1d9       1%          1
b - Frozen Ramparts       Ice            36%        1d5       2%          3
c - Ozocubu's Armour      Ice            18%        N/A       2%          3

Your spell library contained the following spells:

 Spells                   Type           Power      Damage    Failure   Level
 Summon Guardian Golem    Hex/Summ       1%         N/A       26%         3
 Hailstorm                Conj/Ice       10%        3d5       26%         4
 Orb of Destruction       Conj           0%         9d5       100%        7
 Spellforged Servitor     Conj/Summ      0%         N/A       100%        7


Dungeon Overview and Level Annotations

Branches:
Dungeon (5/15)
 Temple: D:4-7

Altars:
Ashenzari

Annotations:
D:4 Duvessa, Grinder


Innate Abilities, Weirdness & Mutations

((You are very nimble when in or above water. (Stealth+, EV+, Speed+++)))
Your lower body shifts to a powerful aquatic tail in water.


Message History

The wall freezes the orc.
The orc hits you with a +0 dagger.
The wall freezes the orc.
The orc completely misses you.
Duvessa, Sister of Dowan comes into view.
She is wielding a +0 short sword.
Duvessa goes berserk!
The wall freezes the orc.
You kill the orc!
The wall freezes the orc.
The orc zaps a wand.
Your mind is blasted!
Ouch! That really hurt!
Unknown command.
Your frozen ramparts will break if you move.
Continue?
Okay, then.
You aren't carrying any items that you can evoke.
Unknown command.
Okay, then.
Your frozen ramparts will break if you move.
Continue?
The frozen ramparts melt away as you move.
Duvessa rages.
The orc jeers repeatedly.
The orc zaps a wand.
You barely resist.
The orc zaps a wand.
You barely resist.
The orc zaps a wand.
You barely resist.
There is a stone staircase leading down here.
You hear a shout!
You climb downwards.
You hear the sound of rushing water.
There is an entrance to a sewer on this level.
Hurry and find it before the portal rusts away!
Found a scroll labelled OHANIS BOUMM.
You have a vision of a gate.
There is a stone staircase leading up here.
Unknown command.
The water moccasin hisses angrily.
You barely miss the water moccasin. The water moccasin bites you.
* * * LOW HITPOINT WARNING * * *
You are lethally poisoned!
The water moccasin poisons you!
You hit the water moccasin but do no damage.
The water moccasin is poisoned.
* * * LOW HITPOINT WARNING * * *
You feel very sick. The water moccasin bites you.
You die...

..........#.. #
............#.#
..........#.#.##
................
..........#.....
................
l...............
.......<@S......
................
#####...........
##.......?..
#..........
##.........
#.........
....###...


You could see a water moccasin (very poisoned).

Vanquished Creatures
  Dowan (D:4)
  3 gnolls (D:2)
  4 adders
  2 worms (D:2)
  A dart slug (D:1)
  2 orcs (D:4)
  2 endoplasms (D:1)
  5 giant cockroaches
  3 goblins
  8 hobgoblins
  6 jackals
  7 kobolds
  2 quokkas
  9 ball pythons
  5 bats
  3 frilled lizards
  6 rats
69 creatures vanquished.

Vanquished Creatures (others)
  39 plants
39 creatures vanquished.

Grand Total: 108 creatures vanquished

Notes
Turn   | Place    | Note
-------+----------+-------------------------------------------
     0 | D:1      | Pelinal the Merfolk Ice Elementalist began the quest for
                  | the Orb.
     0 | D:1      | Reached XP level 1. HP: 13/13 MP: 3/3
   355 | D:1      | Reached XP level 2. HP: 19/19 MP: 1/5
   489 | D:1      | Reached skill level 5 in Ice Magic
   815 | D:1      | Reached XP level 3. HP: 24/24 MP: 3/6
  1189 | D:2      | Found a broken altar of Ashenzari.
  1206 | D:2      | Became a worshipper of Ashenzari the Shackled
  1276 | D:1      | Learned a level 3 spell: Frozen Ramparts
  1340 | D:2      | Reached skill level 6 in Ice Magic
  1340 | D:2      | Reached XP level 4. HP: 19/30 MP: 3/7
  1366 | D:2      | Learned a level 3 spell: Ozocubu's Armour
  2043 | D:2      | Reached XP level 5. HP: 24/35 MP: 5/8
  2741 | D:3      | Found a faded altar of an unknown god.
  3113 | D:4      | Noticed Dowan
  3131 | D:4      | Killed Dowan
  3163 | D:4      | Noticed Grinder
  3181 | D:4      | Noticed Duvessa
  3191 | D:5      | Entered Level 5 of the Dungeon
  3191 | D:5      | Noticed a water moccasin
  3194 | D:5      | Slain by a water moccasin

Illustrated notes

Levels and vault maps discovered:
D:1:      dpeg_arrival_round_c, layout_rooms, grunt_decor_junction,
          dreamdust_princess_bridge
D:2:      layout_basic, basic_altar
D:3:      layout_basic, chequers_ecumenical_altar_lobes
D:4:      layout_basic, kennysheep_boxes, uniq_duvessa, uniq_grinder,
          uniq_menkaure
D:5:      layout_rooms, grunt_temple_overflow_forces_of_nature, serial_shops,
          shop, portal_sewer_entry_d

Skill      XL: |  1  2  3  4  5 |
---------------+----------------+-----
Ice Magic      | 5 6 |  6.1
Stealth        | 3 4 |  4.9
Dodging        | |  2.7
Spellcasting   | |  2.0

Action                   |  1- 3 |  4- 6 || total
-------------------------+-------+-------++-------
Melee: Unarmed           |     3 |       ||     3
       Dagger            |    45 |    64 ||   109
 Cast: Freeze            |    41 |     8 ||    49
       Frozen Ramparts   |       |     4 ||     4
Invok: Curse Item        |       |     1 ||     1
  Use: Potion            |     1 |       ||     1
 Stab: Sleeping          |     5 |     3 ||     8
       Distracted        |     1 |       ||     1
Armor: Robe              |     8 |    16 ||    24
Dodge: Dodged            |    51 |    74 ||   125

Table legend: (Time is in decaauts)
 A = Elapsed time spent in this place.
 B = Non-inter-level travel time spent in this place.
 C = Inter-level travel time spent in this place.
 D = Time resting spent in this place.
 E = Time spent auto-exploring this place.
 F = Levels seen in this place.
 G = Mean time per level.
                   A        B        C        D        E       F      G
               +--------+--------+--------+--------+--------+-----+--------+
         Total |   3182 |   3066 |    116 |    717 |   1666 |   5 |  636.4 |
       Dungeon |   3182 |   3066 |    116 |    717 |   1666 |   5 |  636.4 |
               +--------+--------+--------+--------+--------+-----+--------+

Top non-repeatable levels by time:
     D:1: 1222 daAuts
     D:2: 949 daAuts
     D:3: 787 daAuts
     D:4: 220 daAuts
     D:5: 2 daAuts
